Map: Newkirk Precinct TE (Void)

Players

Dark

  • Race: Zerg Zerg
  • Spawn Location: 7:00

INnoVation - Winner!

  • Race: Terran Terran
  • Spawn Location: 5:00

Event: IEM XI Katowice - World Championship 2017

VOD

Have the link to the VOD?

Description

Time

  • Played on: March 3, 2017, 12:52 p.m.
  • Length: 12:50

All games in this series

Show
View Real Time Build Order
Export as new Build Order

Dark Zerg 

Build Orders: Pool First 

Get SALT Encoding   

  12  0:00  Drone  
  13  0:12  Overlord  
  13  0:17  Drone  
  14  0:32  Drone x2  
  16  0:36  Drone  
  17  0:46  Extractor, Drone  
  17  0:50  Spawning Pool  
  17  0:56  Drone  
  17  1:07  Drone  
  18  1:17  Drone  
  19  1:28  Drone  
  19  1:30  Hatchery  
  19  1:36  Queen  
  21  1:40  Zergling x2  
  22  1:47  Metabolic Boost  
  22  1:55  Overlord  
  22  2:13  Queen, Drone x2  
  26  2:23  Drone  
  28  2:37  Drone  
  28  2:43  Queen  
  30  2:49  Overlord  
  31  2:51  Drone x4  
  33  2:59  Drone  
  34  3:11  Drone  
  34  3:12  Zergling x2  
  36  3:13  Hatchery  
  36  3:19  Zergling x4  
  37  3:24  Drone x3  
  37  3:25  Zergling x2  
  41  3:28  Overlord  
  41  3:29  Drone  
  41  3:32  Drone  
  43  3:38  Roach Warren  
  42  3:41  Zergling x4  
  42  3:46  Drone  
  45  4:00  Drone x2  
  46  4:03  Drone  
  46  4:04  Drone x2  
  46  4:05  Drone x2  
  46  4:07  Overlord  
  46  4:08  Extractor  
  46  4:09  Overlord, Extractor  
  49  4:16  Overlord  
  49  4:22  Overlord  
  49  4:33  Roach x6  
  49  4:34  Roach  
  49  4:35  Roach  
  65  4:40  Roach x2  
  69  4:53  Overlord  
  69  4:59  Drone x3  
  72  5:00  Drone  
  72  5:03  Lair  
  72  5:04  Overlord  
  72  5:06  Overlord  
  73  5:08  Drone  
  73  5:11  Spore Crawler  
  73  5:12  Drone  
  73  5:13  Drone  
  75  5:20  Drone x3  
  78  5:24  Drone x2  
  78  5:27  Ravager x3  
  78  5:28  Ravager  
  80  5:29  Ravager  
  80  5:33  Zergling x4  
  80  5:35  Ravager  
  83  5:37  Zergling x2  
  83  5:50  Zergling x4  
  78  6:00  Drone  
  71  6:04  Drone x2  
  71  6:06  Ravager x2  
  71  6:07  Drone  
  71  6:08  Drone  
  71  6:09  Drone  
  71  6:13  Drone x2  
  71  6:17  Drone x2  
  70  6:19  Drone x2  
  70  6:21  Drone  
  70  6:25  Glial Reconstitution, Drone x2  
  66  6:27  Evolution Chamber  
  66  6:29  Evolution Chamber  
  66  6:30  Roach x5  
  66  6:31  Drone x2  
  77  6:35  Extractor, Drone  
  77  6:39  Drone  
  78  6:43  Drone  
  78  6:44  Extractor  
  78  6:46  Extractor  
  78  6:47  Drone  
  78  6:55  Zerg Melee Weapons Level 1, Drone x6  
  78  6:56  Zerg Ground Armor Level 1, Drone x2  
  86  7:12  Drone x3  
  86  7:13  Drone x2  
  84  7:17  Drone x3  
  84  7:22  Spore Crawler, Drone x2  
  88  7:23  Drone x3  
  88  7:26  Drone x2  
  88  7:31  Drone x2  
  88  7:32  Drone x3  
  87  7:47  Infestation Pit  
  87  7:48  Hatchery  
  87  7:49  Queen  
  87  7:52  Roach x3  
  87  7:53  Ravager x2  
  87  7:54  Ravager  
  87  7:57  Hatchery  
  95  8:00  Roach  
  95  8:02  Overlord  
  95  8:03  Overlord  
  95  8:04  Overlord  
  97  8:18  Roach  
  97  8:19  Roach  
  97  8:21  Roach x2  
  97  8:23  Ravager  
  97  8:24  Roach x2  
  97  8:25  Roach x3  
  97  8:26  Roach  
  104  8:27  Roach x3  
  104  8:28  Roach  
  104  8:31  Roach x2  
  104  8:33  Roach  
  109  8:37  Roach  
  109  8:40  Roach  
  110  8:43  Roach  
  110  8:44  Ravager  
  107  8:51  Infestor, Drone x4  
  107  8:53  Ravager x2  
  115  8:56  Infestor  
  115  8:58  Baneling Nest  
  115  9:00  Infestor  
  118  9:03  Drone  
  118  9:08  Zerg Melee Weapons Level 2  
  119  9:10  Drone x2  
  119  9:11  Drone  
  119  9:13  Drone x2  
  119  9:14  Drone x2  
  119  9:16  Drone  
  127  9:21  Zergling x2, Drone  
  127  9:22  Zergling x4  
  131  9:27  Zerg Ground Armor Level 2  
  131  9:30  Drone x2  
  133  9:35  Overlord  
  133  9:36  Overlord x2  
  133  9:39  Zergling x2  
  133  9:41  Centrifical Hooks  
  133  9:44  Baneling x4  
  134  9:47  Overlord  
  134  9:52  Hive  
  134  9:55  Zergling x10  
  134  9:58  Ravager x2  
  142  10:00  Zergling x8  
  145  10:09  Zergling x8  
  145  10:10  Zergling x12  
  155  10:18  Zergling x2  
  155  10:19  Zergling x8  
  160  10:25  Zergling x2  
  158  10:28  Zergling x4  
  158  10:29  Zergling x2  
  158  10:30  Overlord x2  
  158  10:31  Baneling x4  
  160  10:37  Zergling x10  
  160  10:39  Overlord x2  
  160  10:41  Overlord x3  
  165  10:47  Queen  
  167  10:51  Baneling  
  167  10:52  Baneling x4  
  167  10:53  Ravager x2  
  167  10:55  Overseer  
  167  10:56  Zergling x2  
  167  10:57  Zergling x6  
  173  10:58  Drone  
  173  11:03  Zergling x10  
  179  11:05  Baneling x10  
  179  11:08  Zergling x2  
  179  11:09  Zergling x2  
  181  11:13  Zergling x2  
  181  11:14  Zergling x4  
  181  11:17  Queen  
  185  11:20  Zergling x2  
  185  11:21  Zergling x12  
  187  11:31  Zergling x2  
  182  11:34  Hatchery  
  171  11:41  Zergling x22  
  171  11:44  Zergling x4  
  171  11:45  Zergling x2  
  184  11:53  Zergling x12  
  186  11:59  Ultralisk Cavern, Ravager x4  
  186  12:00  Ravager  
  186  12:01  Ravager  
  190  12:07  Zergling x2  
  190  12:08  Zergling x8  
  177  12:13  Zergling x2  
  173  12:18  Zergling x6  
  173  12:21  Baneling x2  
  173  12:22  Baneling x6  
  175  12:29  Zergling x12  
Show
View Real Time Build Order
Export as new Build Order

INnoVation Terran - Winner!

Build Orders: Reaper Expand, Hellion Banshee, MMM Bio 

Get SALT Encoding   

  12  0:00  SCV  
  13  0:12  SCV  
  14  0:17  Supply Depot  
  14  0:24  SCV  
  15  0:28  Refinery  
  15  0:39  SCV  
  16  0:45  Barracks  
  16  0:51  SCV  
  17  1:03  SCV  
  18  1:15  SCV  
  19  1:32  Reaper, Orbital Command  
  20  1:44  Command Center  
  20  1:56  Factory  
  20  1:58  SCV  
  21  2:05  Barracks Reactor  
  21  2:10  SCV  
  21  2:11  Refinery  
  21  2:15  Supply Depot  
  22  2:22  SCV  
  23  2:37  SCV  
  24  2:42  Starport  
  24  2:45  Hellion  
  24  2:46  Hellion  
  24  2:49  SCV  
  29  2:58  Barracks Tech Lab  
  29  3:01  SCV  
  30  3:08  Hellion x2  
  34  3:13  Orbital Command  
  34  3:16  SCV  
  35  3:23  Viking  
  37  3:30  SCV  
  37  3:33  Hellion  
  40  3:39  SCV  
  40  3:40  Supply Depot  
  41  3:42  SCV  
  41  3:43  Barracks Tech Lab  
  41  3:47  Hellion  
  44  3:51  SCV  
  44  3:54  SCV  
  44  4:03  SCV  
  44  4:06  Raven, SCV  
  44  4:08  Stimpack  
  48  4:11  Supply Depot  
  48  4:15  SCV  
  49  4:18  SCV  
  50  4:24  Command Center  
  50  4:27  SCV  
  50  4:30  SCV  
  52  4:35  Barracks  
  52  4:36  Factory Reactor  
  52  4:39  SCV  
  52  4:42  SCV  
  52  4:44  Marine  
  55  4:46  Barracks  
  55  4:51  SCV  
  56  4:54  SCV  
  56  4:55  Banshee  
  59  5:01  Supply Depot  
  59  5:03  SCV  
  59  5:04  Bunker  
  59  5:06  Marine, SCV  
  62  5:16  Supply Depot  
  62  5:22  SCV x2  
  62  5:23  Factory Tech Lab  
  64  5:29  Engineering Bay, Refinery  
  64  5:30  Engineering Bay  
  64  5:32  Refinery  
  64  5:34  SCV x2  
  64  5:35  Marine x3  
  66  5:37  Orbital Command  
  69  5:44  Siege Tank  
  69  5:45  Marine  
  69  5:46  Marine, SCV  
  69  5:47  SCV  
  75  5:51  Starport Reactor  
  75  5:53  Marine  
  68  5:59  SCV x2  
  68  6:03  Marine  
  68  6:04  Marine  
  56  6:05  Marine  
  56  6:09  Marine  
  56  6:11  Marine, SCV  
  51  6:13  SCV x2  
  52  6:21  Marine x2  
  52  6:22  Marine  
  52  6:23  SCV  
  54  6:26  SCV x2  
  54  6:27  Marine  
  56  6:32  Terran Infantry Weapons Level 1  
  56  6:35  Terran Infantry Armor Level 1, SCV  
  57  6:41  SCV x2  
  57  6:44  Combat Shields  
  59  6:47  SCV  
  59  6:48  Orbital Command  
  59  6:53  SCV  
  61  6:56  Medivac x2  
  61  6:59  Supply Depot, SCV  
  66  7:01  Marine x2  
  66  7:05  SCV  
  66  7:07  Siege Tank  
  72  7:12  SCV  
  72  7:14  SCV  
  74  7:17  SCV  
  75  7:24  SCV  
  75  7:26  Marine x3, SCV, Supply Depot  
  75  7:27  Marine x2  
  75  7:29  SCV  
  83  7:35  Armory  
  83  7:36  SCV, Barracks  
  84  7:37  Barracks  
  84  7:38  SCV  
  85  7:44  Supply Depot  
  85  7:48  Siege Tank, SCV x2  
  85  7:50  SCV  
  91  7:54  Supply Depot, Marine x2  
  93  8:05  Marine x2, SCV x2, Medivac x2  
  93  8:08  Supply Depot  
  101  8:15  Marine x2, SCV  
  101  8:16  Marine  
  101  8:18  SCV x2  
  107  8:23  Marine x2  
  107  8:25  Barracks Reactor x2  
  108  8:28  SCV  
  108  8:30  SCV x2  
  108  8:34  Siege Tank  
  108  8:39  Terran Infantry Weapons Level 2, Terran Infantry Armor Level 2  
  108  8:40  SCV  
  112  8:42  SCV x2  
  112  8:44  Refinery  
  110  8:48  Marine  
  110  8:49  Marine x3, Marauder  
  117  8:57  Supply Depot  
  117  8:58  Supply Depot  
  117  9:02  Medivac  
  116  9:04  Medivac  
  116  9:05  Missile Turret  
  116  9:09  Marine x4  
  121  9:10  Marine x3  
  121  9:11  Concussive Shells  
  125  9:18  Supply Depot x2  
  125  9:19  Marine, Siege Tank, Marauder  
  125  9:23  Missile Turret  
  131  9:25  Barracks  
  131  9:27  Terran Vehicle Weapons Level 1  
  131  9:28  Barracks  
  131  9:29  Barracks  
  131  9:36  Marine x7  
  131  9:37  Marine  
  139  9:40  Supply Depot  
  139  9:41  Supply Depot, Marauder  
  139  9:43  Medivac x2  
  145  9:53  Marine  
  145  9:54  Marine x7  
  145  9:58  Siege Tank  
  156  10:02  Marauder  
  156  10:04  Command Center  
  158  10:08  Supply Depot  
  158  10:10  Refinery  
  158  10:11  Marine  
  158  10:16  Barracks Tech Lab  
  158  10:18  Barracks Tech Lab  
  157  10:22  Marine  
  157  10:23  Marine x4, Marauder  
  164  10:30  Siege Tank  
  164  10:32  Medivac x2  
  164  10:33  Marine x2, Marauder  
  164  10:34  Marine  
  176  10:38  Marine x2  
  176  10:40  Marine  
  176  10:41  Marine  
  177  10:44  Marauder  
  179  10:52  Marine x2  
  179  10:56  Supply Depot  
  181  11:15  Marine x8  
  181  11:16  Marauder x2, Siege Tank  
  196  11:20  Medivac  
  196  11:23  Medivac  
  200  11:26  Marine  
  200  11:28  Marine  
  191  11:33  Marine x6  
  191  11:38  Marine  
  191  11:46  SCV x3  
  192  11:53  Planetary Fortress  
  191  11:58  SCV x2  
  191  12:01  Marauder  
  195  12:04  Marauder  
  195  12:07  Medivac  
  195  12:08  Marine x2  
  175  12:15  Marauder  
  175  12:16  Marauder  
  175  12:17  Marine  
  175  12:21  Marine x2  
  170  12:27  Marine x2  
  155  12:31  SCV x2  

Tags
 
Add a new tag
Caveats
  • Supply blocks, unpowered buildings, or Contaminate may cause inaccurate times.
  • Supply counts are checked every 10 seconds.